 Dungeon Crawl Stone Soup version 0.23.1-37-gaa34b87 (webtiles) character file.

Game seed: 9933317397564142259

24075 dhn the Cleaver (level 12, -1/107 HPs)
             Began as a Minotaur Fighter on Mar 26, 2019.
             Killed from afar by Josephine (25 damage)
             ... with a ghostly fireball
             ... on level 3 of the Lair of Beasts.
             The game lasted 00:30:28 (17841 turns).

dhn the Cleaver (Minotaur Fighter)                 Turns: 17841, Time: 00:30:37

Health: -1/107     AC: 20    Str: 21    XL:     12   Next: 77%
Magic:  11/11      EV:  7    Int: 12    God:
Gold:   477        SH: 17    Dex: 12    Spells: 9/12 levels left

rFire    . . .     SeeInvis .   a - +0 war axe
rCold    . . .     Gourm    .   c - +0 shield
rNeg     . . .     Faith    .   M - +0 plate armour
rPois    .         Spirit   .   (helmet restricted)
rElec    .         Reflect  +   F - +0 cloak
rCorr    .         Harm     .   S - +0 pair of gloves
MR       .....                  Q - +1 pair of boots {Fly}
Stlth    ..........             p - +5 amulet of reflection
HPRegen  0.27/turn              e - +4 ring of intelligence
MPRegen  0.12/turn              w - ring of wizardry

@: lethally poisoned (-1 -> -3), flying, slowed, drained, very slow
A: retaliatory headbutt, horns 2
a: Stop Flying


You were on level 3 of the Lair of Beasts.
You were not hungry.

You visited 2 branches of the dungeon, and saw 14 of its levels.
You also visited: Ossuary.

You collected 783 gold pieces.
You spent 306 gold pieces at shops.

Inventory:

Hand Weapons
 a - a +0 war axe (weapon)
 R - a +0 spear
Armour
 c - a +0 shield (worn)
 F - a +0 cloak (worn)
 M - a +0 plate armour (worn)
 Q - a +1 pair of boots of flying (worn)
 S - a +0 pair of gloves (worn)
Jewellery
 e - a +4 ring of intelligence (left hand)
 j - an uncursed ring of wizardry
 l - an uncursed ring of positive energy
 p - a +5 amulet of reflection (around neck)
 s - an uncursed ring of protection from cold
 w - a ring of wizardry (right hand)
Wands
 b - a wand of acid (10)
 r - a wand of iceblast (11)
 y - a wand of random effects (32)
 G - a wand of paralysis (3)
 J - a wand of flame (22)
Scrolls
 h - 2 scrolls of enchant armour
 i - 15 scrolls of remove curse
 k - 6 scrolls of enchant weapon
 m - 2 scrolls of fog
 o - 2 scrolls of immolation {unknown}
 t - 2 scrolls of magic mapping {unknown}
 C - 3 scrolls of amnesia
 D - 4 scrolls of random uselessness {unknown}
 E - 11 scrolls of identify
 H - 2 scrolls of teleportation
 K - a scroll of noise {unknown}
 N - a scroll of silence {unknown}
 O - a scroll of vulnerability {unknown}
 P - a scroll of acquirement {unknown}
Potions
 d - 5 potions of might
 g - a potion of agility {unknown}
 n - a potion of heal wounds
 q - a potion of curing
 u - 3 potions of lignification {unknown}
 v - 2 potions of mutation {unknown}
 x - 6 potions of haste
 z - 2 potions of cancellation {unknown}
 A - 2 potions of flight {unknown}
 B - 4 potions of degeneration {unknown}
 I - a potion of ambrosia {unknown}
 L - 2 potions of brilliance {unknown}
Comestibles
 f - 16 rations


   Skills:
 + Level 10.3(9.1) Fighting
 + Level 14.6(13.4) Axes
 + Level 2.4(8.9) Polearms
 + Level 11.7(10.4) Armour
 + Level 5.0(3.9) Dodging
 + Level 2.3(1.3) Stealth
 + Level 12.7(11.4) Shields
 * Level 0.6(0.0) Spellcasting
 * Level 1.9(0.9) Translocations
 + Level 1.2(0.3) Evocations


You had 9 spell levels left.
You knew the following spells:

 Your Spells              Type           Power        Failure   Level  Hunger
a - Gell's Gravitas       Tloc           #.........   99%         3    ####...

Your spell library contained the following spells:

 Spells                   Type           Power        Failure   Level  Hunger
 Confusing Touch          Hex            #.....       95%         1    ##.....
 Confuse                  Hex            #.......     100%        3    ####...
 Petrify                  Tmut/Erth      #.......     100%        4    #####..
 Metabolic Englaciation   Hex/Ice        #.........   100%        5    ######.
 Yara's Violent Unravell  Hex/Tmut       #.........   100%        5    ######.


Dungeon Overview and Level Annotations

Branches:
Dungeon (10/15)            Temple (0/1) D:7            Lair (4/6) D:9
 Spider (0/4) Lair:2
  Swamp: Lair:2-4    Shoals: Lair:2-4       Orc: D:9-12

Altars:
Ashenzari
Cheibriados
Dithmenos
Gozag
Ru
Xom
Zin
The Shining One

Shops:
D:3 **   D:4 [   D:6 *(   D:7 ?

Annotations:
D:2 Sigmund
Lair:3 exclusion: oklob plant, Josephine
Lair:4 Rupert


Innate Abilities, Weirdness & Mutations

You reflexively headbutt those who attack you in melee.
You have a pair of horns on your head.


Message History

Unknown command.
Your plate armour prevents you from hitting Josephine.
Josephine is severely wounded.
You hit the wraith but do no damage.
You feel very sick.
Josephine is infused with unholy energy.
* * * LOW HITPOINT WARNING * * *
Josephine draws life force from you and is healed!
You block the wraith's attack.
You feel better. You block Josephine's attack. You block the wraith's attack.
Josephine hits you but does no damage.
You are poisoned.
Unknown command.
You hit Josephine.
Josephine is heavily wounded.
You closely miss the wraith.
You feel sick. You block the wraith's attack. Josephine casts a spell at you.
The ghostly flame explodes!
The ghostly fireball engulfs you!!
You feel drained.
You die...

≈≈.≈...............#≈#..########.
≈≈.....#...........#≈#.......P##.
♣....##.............≈............
.##.###.............≈...........P
##### ##............≈....##.....#
# #...........###..##....... ###
##...................[..... #P#
#..)..............#........ ..#
##.......W@....###......... .##
#..........@....#.......... .#
##..............P........#. ##
#...........##......#...##
########P........#.#.....P..#.##
##P....#####....................#
#......######...................#
.......##........................
............##..........##..#....


You could see Josephine and a wraith.

Vanquished Creatures
  5 hydras
  14 elephants
  2 black mambas
  2 spiny frogs (Lair:3)
  2 komodo dragons
  A queen bee (Lair:3)
  9 blink frogs (Lair:2)
  Prince Ribbit (D:5)
  3 hippogriffs
  2 wraiths
  17 yaks
  A spriggan (Lair:1)
  A wyvern (Lair:2)
  A basilisk (Lair:3)
  A hungry ghost (D:7)
  Grum (D:9)
  6 vampire mosquitoes (Lair:2)
  4 water moccasins
  2 wargs
  9 porcupines
  2 orc warriors
  3 ice beasts
  A hornet zombie (D:10)
  A necrophage (D:9)
  A phantom (D:9)
  2 black bears
  4 wolves (D:9)
  3 ogres
  4 centaurs
  6 crocodiles
  2 big kobolds
  11 bullfrogs
  4 scorpions
  27 killer bees
  An electric eel (Lair:3)
  5 howler monkeys
  2 crimson imps (D:8)
  A bullfrog zombie (D:8)
  3 hounds
  2 orc priests
  6 orc wizards
  2 bullfrog skeletons
  6 iguanas
  4 worker ants
  2 hound zombies
  2 hound skeletons
  3 mummies (Ossuary)
  16 adders
  4 gnolls
  A shadow imp (D:7)
  An ooze (D:6)
  A dart slug (D:2)
  6 leopard geckos
  27 orcs
  6 bats
  6 giant cockroaches
  6 goblins
  9 hobgoblins
  10 jackals
  26 kobolds
  3 quokkas
  16 frilled lizards
  2 goblin zombies (Ossuary)
  4 hobgoblin zombies (Ossuary)
  A jackal zombie (D:5)
  3 kobold zombies (Ossuary)
  A leopard gecko skeleton (D:7)
  An orc zombie (Ossuary)
  A quokka skeleton (D:6)
  A quokka zombie (D:7)
  4 rats (D:2)
  A fungus (Lair:3)
351 creatures vanquished.

Vanquished Creatures (others)
  A sky beast (D:9)
  An ice beast (D:9)
  An ogre (D:9)
  An orc wizard (D:9)
  An adder (D:9)
  2 orcs (D:9)
  63 fungi
  16 plants
86 creatures vanquished.

Grand Total: 437 creatures vanquished

Notes
Turn   | Place    | Note
-------+----------+-------------------------------------------
     0 | D:1      | dhn the Minotaur Fighter began the quest for the Orb.
     0 | D:1      | Reached XP level 1. HP: 19/19 MP: 0/0
    91 | D:1      | Reached XP level 2. HP: 27/27 MP: 1/1
   530 | D:1      | Reached XP level 3. HP: 33/33 MP: 2/2
   673 | D:2      | Reached skill level 3 in Axes
   683 | D:2      | Reached skill level 1 in Dodging
   885 | D:2      | Noticed Sigmund
   899 | D:3      | Reached XP level 4. HP: 30/40 MP: 3/3
   918 | D:3      | Found Zin's Purification Station.
   921 | D:3      | Found a glowing silver altar of Zin.
  1529 | D:2      | Found a shimmering altar of Xom.
  1543 | D:2      | Found a shadowy altar of Dithmenos.
  1544 | D:2      | Found a glowing golden altar of the Shining One.
  1711 | D:3      | Found an opulent altar of Gozag.
  1714 | D:3      | Found Gozag's Platinum Reserve.
  1964 | D:3      | Reached XP level 5. HP: 45/47 MP: 4/4
  2172 | D:4      | Found Huniuci's Armour Emporium.
  2272 | D:4      | Reached skill level 4 in Axes
  2423 | D:4      | Reached skill level 5 in Shields
  2423 | D:4      | Reached XP level 6. HP: 24/53 MP: 5/5
  2427 | D:4      | Reached skill level 5 in Armour
  2857 | D:4      | Found a sacrificial altar of Ru.
  3472 | D:5      | Entered Level 5 of the Dungeon
  3481 | D:5      | Noticed Prince Ribbit
  3490 | D:5      | Reached skill level 5 in Axes
  3497 | D:5      | Killed Prince Ribbit
  3497 | D:5      | Reached skill level 5 in Fighting
  3497 | D:5      | Reached XP level 7. HP: 44/61 MP: 6/6
  3543 | D:6      | Reached skill level 6 in Axes
  3577 | D:6      | Found a sand-covered staircase.
  3776 | D:6      | Found Casy's Antique Weapon Boutique.
  3790 | D:6      | Found Yhusahe's Serpentskin Sales.
  3957 | D:6      | Found a shattered altar of Ashenzari.
  4528 | D:5      | Reached skill level 7 in Axes
  4950 | D:7      | Found a staircase to the Ecumenical Temple.
  4988 | D:7      | Reached XP level 8. HP: 68/68 MP: 7/7
  5499 | D:7      | Reached skill level 8 in Axes
  5895 | D:7      | Found a snail-covered altar of Cheibriados.
  5958 | D:7      | Found Kiemuxup's Magic Scroll Shoppe.
  6023 | D:7      | Noticed a hippogriff
  6040 | D:7      | Killed a hippogriff
  6368 | D:8      | Reached skill level 9 in Axes
  6368 | D:8      | Reached XP level 9. HP: 58/75 MP: 8/8
  6396 | D:8      | Found a sand-covered staircase.
  6402 | Ossuary  | Entered an ossuary
  7394 | D:8      | Reached skill level 1 in Stealth
  7753 | D:9      | Reached skill level 10 in Axes
  7885 | D:9      | Found a staircase to the Lair.
  8250 | D:9      | Reached skill level 11 in Axes
  8250 | D:9      | Reached XP level 10. HP: 48/85 MP: 9/9
  8282 | D:9      | Noticed Grum
  9673 | D:9      | Reached skill level 12 in Axes
  9686 | D:9      | Killed Grum
 10244 | D:10     | Entered Level 10 of the Dungeon
 11054 | Lair:1   | Entered Level 1 of the Lair of Beasts
 11093 | Lair:1   | Noticed a black mamba
 11101 | Lair:1   | Killed a black mamba
 11237 | Lair:1   | Noticed a seven-headed hydra
 11304 | Lair:1   | Killed a seven-headed hydra
 11304 | Lair:1   | Reached XP level 11. HP: 22/94 MP: 10/10
 11664 | Lair:1   | Noticed a seven-headed hydra
 11687 | Lair:1   | Killed a seven-headed hydra
 11687 | Lair:1   | Reached skill level 10 in Shields
 11687 | Lair:1   | Reached skill level 1 in Evocations
 12746 | Lair:2   | Reached skill level 1 in Polearms
 12848 | Lair:1   | Reached skill level 13 in Axes
 13342 | Lair:2   | Reached skill level 10 in Armour
 13379 | Lair:2   | Found a hole to the Spider Nest.
 13768 | Lair:2   | Noticed a six-headed hydra
 13785 | Lair:2   | Killed a six-headed hydra
 13983 | Lair:2   | Reached skill level 5 in Dodging
 14054 | Lair:2   | Noticed a dire elephant
 14212 | Lair:2   | Reached XP level 12. HP: 53/104 MP: 11/11
 14786 | Lair:2   | Reached skill level 14 in Axes
 15109 | Lair:2   | Reached skill level 10 in Fighting
 15303 | Lair:3   | Noticed a six-headed hydra
 15322 | Lair:3   | Killed a six-headed hydra
 15907 | D:4      | Bought a +0 cloak for 54 gold pieces
 15923 | D:4      | Bought a +1 pair of boots of flying for 198 gold pieces
 15932 | D:4      | Bought a +0 pair of gloves for 54 gold pieces
 16062 | Lair:1   | Learned a level 3 spell: Gell's Gravitas
 16393 | Lair:3   | Noticed a five-headed hydra
 16413 | Lair:3   | Killed a five-headed hydra
 17324 | Lair:3   | Reached skill level 1 in Translocations
 17778 | Lair:4   | Noticed Rupert
 17820 | Lair:4   | Noticed Josephine
 17841 | Lair:3   | Killed from afar by Josephine

Skill      XL: |  1  2  3  4  5  6  7  8  9 10 11 12 |
---------------+-------------------------------------+-----
Shields        | 4 5 6 8 9 11 12 | 12.7
Armour         | 4 5 6 7 8 9 10 11 | 11.7
Fighting       | 4 5 6 7 8 9 10 | 10.3
Axes           | 3 4 5 7 9 11 12 13 14 | 14.6
Dodging        | 1 2 3 4 5 |  5.0
Stealth        | 1 2 |  2.3
Evocations     | 1 |  1.2
Polearms       | 1 2 |  2.4
Translocations | 1 |  1.9
Spellcasting   | |  0.6

Action                   |  1- 3 |  4- 6 |  7- 9 | 10-12 || total
-------------------------+-------+-------+-------+-------++-------
Melee: War axe           |   135 |   140 |   349 |   754 ||  1378
       Headbutt          |    14 |    19 |    62 |   206 ||   301
       Spear             |       |       |       |    68 ||    68
Evoke: Wand              |       |       |     5 |    14 ||    19
  Use: Scroll            |       |       |     9 |     6 ||    15
       Potion            |       |       |     2 |     1 ||     3
 Stab: Paralysed         |       |       |     8 |     5 ||    13
  Eat: Chunk             |       |     7 |    11 |    19 ||    37
       Ration            |       |       |     3 |     4 ||     7
Armor: Scale mail        |    77 |    57 |   117 |    15 ||   266
       Plate armour      |       |       |       |   314 ||   314
Dodge: Dodged            |    47 |    58 |   133 |   176 ||   414
Block: Shield            |    69 |    78 |   207 |   773 ||  1127
       Reflection        |       |       |       |     3 ||     3
